 Dungeon Crawl Stone Soup version 0.17-a0-1945-gfe993df (webtiles) character file.

723 dpvblackbelt the Cruncher (level 7, 0/56 HPs)
             Began as a Minotaur Gladiator on Sept 30, 2015.
             Succumbed to a scorpion's poison
             ... on level 4 of the Dungeon.
             The game lasted 00:08:43 (3696 turns).

dpvblackbelt the Cruncher (Minotaur Gladiator)      Turns: 3696, Time: 00:08:43

Health: 0/56       AC:  3    Str: 19 (20) XL:     7   Next: 43%
Magic:  6/6        EV: 12    Int:  5      God:
Gold:   231        SH:  0    Dex: 12      Spells: 0 memorised, 6 levels left

rFire  . . .     SeeInvis .     t - +3 quarterstaff (chaos)
rCold  . . .     Clarity  .     b - +0 leather armour
rNeg   . . .     SustAt   .     (no shield)
rPois  .         Gourm    .     c - +0 hat
rElec  .         Spirit   .     (no cloak)
rCorr  .         Warding  .     (no gloves)
rMut   .         Rnd*Tele +     (no boots)
MR     .....                    (no amulet)
Stlth  +.........               (no ring)
                                y - ring of teleportation (curse) {+/*tele, !d}

@: lethally poisoned (0 -> -17), not resistant to hostile enchantments, very
unstealthy
A: retaliatory headbutt, horns 2
a: Evoke Teleportation


You were on level 4 of the Dungeon.
You were hungry.

You visited 1 branch of the dungeon, and saw 4 of its levels.

You collected 231 gold pieces.

Inventory:

Hand weapons
 a - a +0 quarterstaff
 t - a +3 quarterstaff of chaos (weapon)
   (You took it off Crazy Yiuf on level 3 of the Dungeon)
Missiles
 d - 3 throwing nets {=f, !d}
Armour
 b - a +0 leather armour (worn)
 c - a +0 hat (worn)
 p - a +2 pair of gloves
   (You found it on level 3 of the Dungeon)
 s - a +0 cloak
   (You took it off Crazy Yiuf on level 3 of the Dungeon)
Jewellery
 y - a cursed ring of teleportation (left hand) {+/*tele, !d}
   (You found it on level 4 of the Dungeon)
Magical devices
 n - a wand of frost (35)
   (You took it off Jessica on level 3 of the Dungeon)
Scrolls
 f - a scroll of enchant weapon {unknown}
 j - a scroll of fog {unknown}
 k - 2 scrolls of identify {unknown}
 l - a scroll of remove curse {unknown}
 o - a scroll of blinking {unknown}
 q - a scroll of magic mapping {unknown}
 r - a scroll of enchant armour {unknown}
 x - a scroll of immolation {unknown}
Potions
 i - a potion of magic {unknown}
 m - a potion of brilliance {unknown}
 u - a potion of cure mutation {unknown}
 w - 2 potions of degeneration {!q}
 z - a potion of mutation {unknown}
Comestibles
 e - 2 bread rations {@e1@e1}
 g - 11 fruits
 h - 2 slices of pizza


   Skills:
 - Level 2.4 Fighting
 + Level 10.4 Staves
 - Level 2.0 Throwing
 - Level 3.2 Dodging


You had 6 spell levels left.
You didn't know any spells.

Dungeon Overview and Level Annotations

Branches:
Dungeon (4/15)
 Temple: D:4-7

Altars:
Elyvilon
Okawaru
Qazlal
Trog
Yredelemnul
Zin

Annotations:
D:2 1 runed door


Innate Abilities, Weirdness & Mutations

You reflexively headbutt those who attack you in melee.
You have a pair of horns on your head.


Message History

You take 2 damage, and have 14/56 hp.
You start resting.
You feel sick.
You feel sick. x14
You are no longer poisoned.
You take 9 damage, and have 5/56 hp.
You start resting.
An orc comes into view. It is wielding a whip.
The orc shouts!
An orc is nearby!
The orc is caught in a web!
The orc struggles to get unstuck from the web.
You see here a bat corpse.
You sock the orc! You freeze the orc.
You kill the orc!
You are caught in the web!
There is a web, spattered with blood here.
Things that are here:
a whip; a scale mail You struggle to detach yourself from the web.
You disentangle yourself.
You start resting.
You regained 12 hp, and now have 19/56 hp.
A scorpion is nearby!
There is an open door here.
Found an escape hatch in the ceiling.
You start resting.
You are feeling hungry.
You regained 6 hp, and now have 25/56 hp.
You start resting.
You are suddenly yanked towards a nearby monster!
Your surroundings suddenly seem different.
The scorpion barely misses you.
A scorpion comes into view.
You regained 12 hp, and now have 37/56 hp.
Unknown command.
A scorpion is nearby!
You hit the scorpion but do no damage. The scorpion stings you.
You take 6 damage, and have 31/56 hp.
You hit the scorpion. You freeze the scorpion. You closely miss the scorpion.
The scorpion barely misses you.
You barely miss the scorpion. The scorpion stings you!
You take 6 damage, and have 25/56 hp.
You closely miss the scorpion. You headbutt the scorpion.
The scorpion stings you.
You take 6 damage, and have 19/56 hp.
You sock the scorpion! The scorpion stings you.
* * * LOW HITPOINT WARNING * * *
You take 4 damage, and have 15/56 hp.
You closely miss the scorpion. You sock the scorpion!
You kill the scorpion!
You start resting.
You are suddenly yanked towards a nearby monster!
Your surroundings suddenly seem different.
A bat comes into view.
A bat is nearby!
A bat is nearby!
You are too injured to fight recklessly!
You are too injured to fight recklessly!
You are too injured to fight recklessly!
An adder comes into view.
You sock the bat!
There is a sudden explosion of sparks!
You kill the bat!
You are too injured to fight recklessly!
You are too injured to fight recklessly!
You are too injured to fight recklessly!
You are too injured to fight recklessly!
You closely miss the adder. The adder barely misses you. The adder misses you.
You furiously retaliate!
You headbutt the adder, but do no damage.
You thump the adder!
You kill the adder!
Things that are here:
a mace; a bat corpse You start resting.
You closely miss the scorpion. You hit the scorpion. You burn the scorpion.
The scorpion stings you but does no damage.
You closely miss the scorpion. The scorpion barely misses you.
You hit the scorpion. Your headbutt misses the scorpion.
The scorpion stings you.
* * * LOW HITPOINT WARNING * * *
You are poisoned.
The scorpion poisons you!
You take 4 damage, and have 13/56 hp.
You closely miss the scorpion.
You headbutt the scorpion, but do no damage.
You feel sick. The scorpion stings you!
* * * LOW HITPOINT WARNING * * *
You are more poisoned.
The scorpion poisons you!
You take 10 damage, and have 3/56 hp.
You hit the scorpion but do no damage.
* * * LOW HITPOINT WARNING * * *
You feel sick.
You take 2 damage, and have 1/56 hp.
Unknown command.
Drink which item? (? for menu, Esc to quit)
It was a potion of cancellation.
You feel magically purged.
You die...

......))....#####..........#..#
####)######## #.#.....[..#.##
....[# #..........#.####
.....### ### ###..#...........
.....'P## #.#####..##..#######.
.....#.^# ##.#.P##..#..##....###
####.##.# #....####...##......)#
...#^## #..##.###...#.........
....#P†##..#)s@##<..##....#....
#..bb##^.#.##$######.##...###...
......##.÷..#.. #..†...#y#._.
#...... #P.÷.#s.. #.##...###..)
<.....#.##....P).. #.##....#....
##....##.# #..#....†...)
)......# #..##.......# ..P....#
#...##....### #......
#.#..######


You could see a scorpion.

Vanquished Creatures
  Sigmund (D:2)
  The ghost of dpvblackbelt the Conjurer, an average DECj (D:3)
  3 scorpions (D:4)
  Crazy Yiuf (D:3)
  Ijyb (D:3)
  Jessica (D:3)
  An orc priest (D:4)
  Terence (D:2)
  Robin (D:3)
  A gnoll (D:1)
  8 adders
  2 oozes
  An adder skeleton (D:4)
  5 worms
  3 giant geckos
  8 orcs (D:4)
  A ball python (D:3)
  14 bats
  2 giant cockroaches
  16 goblins
  8 hobgoblins
  4 jackals (D:1)
  3 giant newts
  A goblin zombie (D:2)
  3 kobolds
  9 rats
100 creatures vanquished.

Vanquished Creatures (others)
  An orc wizard (D:4)
  A ball python (D:3)
  A fungus (D:4)
  A plant (D:4)
4 creatures vanquished.

Grand Total: 104 creatures vanquished

Notes
Turn   | Place    | Note
--------------------------------------------------------------
     0 | D:1      | dpvblackbelt the Minotaur Gladiator began the quest for the Orb.
     0 | D:1      | Reached XP level 1. HP: 18/18 MP: 0/0
    22 | D:1      | Reached skill level 4 in Staves
    27 | D:1      | Reached XP level 2. HP: 19/25 MP: 1/1
   252 | D:1      | Reached skill level 5 in Staves
   302 | D:1      | Reached XP level 3. HP: 21/30 MP: 2/2
  1135 | D:2      | Found a runed door.
  1135 | D:2      | Noticed a human
  1135 | D:2      | Noticed Sigmund
  1153 | D:2      | Killed Sigmund
  1153 | D:2      | Reached skill level 7 in Staves
  1153 | D:2      | Reached XP level 4. HP: 16/37 MP: 3/3
  1153 | D:2      | Reached XP level 5. HP: 18/42 MP: 4/4
  1324 | D:2      | Found a basalt altar of Yredelemnul.
  1381 | D:2      | Noticed Terence
  1395 | D:2      | Killed Terence
  1395 | D:2      | Reached skill level 8 in Staves
  1900 | D:3      | Reached XP level 6. HP: 48/50 MP: 5/5
  1910 | D:3      | Noticed Jessica
  1912 | D:3      | Found a white marble altar of Elyvilon.
  1920 | D:3      | Killed Jessica
  2150 | D:3      | Found a faded altar to an unknown god.
  2163 | D:3      | Found a glowing silver altar of Zin.
  2227 | D:3      | Noticed Robin
  2258 | D:3      | Killed Robin
  2355 | D:3      | Noticed dpvblackbelt's ghost (average DECj)
  2364 | D:3      | Killed dpvblackbelt's ghost
  2428 | D:3      | Noticed Crazy Yiuf
  2435 | D:3      | Killed Crazy Yiuf
  2435 | D:3      | Reached skill level 9 in Staves
  2777 | D:3      | Found an iron altar of Okawaru.
  2816 | D:3      | Noticed Ijyb
  2821 | D:3      | Killed Ijyb
  3004 | D:4      | Found a stormy altar of Qazlal.
  3084 | D:4      | Noticed a moth of wrath
  3087 | D:4      | Found a bloodstained altar of Trog.
  3369 | D:4      | HP: 3/50 [orc priest/flail of protection (11)]
  3372 | D:4      | Reached XP level 7. HP: 34/56 MP: 6/6
  3456 | D:4      | Reached skill level 10 in Staves
  3460 | D:4      | HP: 14/56 [poisoned by a scorpion]
  3465 | D:4      | HP: 11/56 [poisoned by a scorpion]
  3470 | D:4      | HP: 8/56 [poisoned by a scorpion]
  3475 | D:4      | HP: 7/56 [poisoned by a scorpion]
  3480 | D:4      | HP: 6/56 [poisoned by a scorpion]
  3488 | D:4      | HP: 5/56 [poisoned by a scorpion]
  3693 | D:4      | HP: 13/56 [scorpion (5)]
  3694 | D:4      | HP: 3/56 [scorpion (9)]
  3695 | D:4      | HP: 1/56 [poisoned by a scorpion]
  3696 | D:4      | Succumbed to a scorpion's poison

Vault maps used:
D:1:      sevenhm_arrival_forest_fort_small_4
D:2:      kennysheep_six_static_rooms, first_bread, solitary_fountain,
          dk_yredelemnul_ordeal, uniq_sigmund, uniq_terence
D:3:      overflow_temple_1_default, elyvilon_altar_4, lemuel_round_altar,
          ecumenical_altar_1, uniq_jessica, uniq_robin, uniq_crazy_yiuf_cottage,
          uniq_iyjb
D:4:      old_forge, tgw_trog, nicolae_overflow_crystal_walls,
          minmay_temple_entry_butterflies, minmay_bad_closet,
          kennysheep_generic_room_2

Action                   |  1- 3 |  4- 6 |  7- 9 || total
-------------------------+-------+-------+-------++-------
Melee: Quarterstaff      |    76 |   106 |    40 ||   222
  Use: Potion            |     1 |     2 |     1 ||     4
 Stab: Distracted        |       |     1 |       ||     1
  Eat: Chunk             |     1 |     2 |       ||     3
       Meat ration       |       |     1 |       ||     1

Vault maps used:
D:1:      sevenhm_arrival_forest_fort_small_4
D:2:      kennysheep_six_static_rooms, first_bread, solitary_fountain,
          dk_yredelemnul_ordeal, uniq_sigmund, uniq_terence
D:3:      overflow_temple_1_default, elyvilon_altar_4, lemuel_round_altar,
          ecumenical_altar_1, uniq_jessica, uniq_robin, uniq_crazy_yiuf_cottage,
          uniq_iyjb
D:4:      old_forge, tgw_trog, nicolae_overflow_crystal_walls,
          minmay_temple_entry_butterflies, minmay_bad_closet,
          kennysheep_generic_room_2

Table legend:
 A = Turns spent in this place as a percentage of turns spent in the entire game.
 B = Non-inter-level travel turns spent in this place as a percentage of non-inter-level travel turns spent in the entire game.
 C = Inter-level travel turns spent in this place as a percentage of turns spent in this place.
 D = Turns resting spent in this place as a percentage of non-inter-level travel turns spent in this place.
 E = Turns spent auto-exploring this place as a percentage of non-inter-level travel turns spent in this place.
 F = Non-inter-level travel turns spent in this place divided by the number of levels of this place that you've seen.
                   A       B       C       D       E      F
               +-------+-------+-------+-------+-------+----------------------
         Total | 100.0 | 100.0 |   0.3 |   3.4 |  12.9 | 243.8
       Dungeon | 100.0 | 100.0 |   0.3 |   3.4 |  12.9 | 243.8
               +-------+-------+-------+-------+-------+----------------------

Table legend:
 A = Kills in this place as a percentage of kills in entire the game.
 B = Kills by you in this place as a percentage of kills by you in the entire game.
 C = Kills by friends in this place as a percentage of kills by friends in the entire game.
 D = Other kills in this place as a percentage of other kills in the entire game.
 E = Experience gained in this place as a percentage of experience gained in the entire game.
 F = Experience gained in this place divided by the number of levels of this place that you have seen.
                   A       B       C       D       E      F
               +-------+-------+-------+-------+-------+----------------------
         Total | 100.0 | 100.0 |  -nan | 100.0 | 100.0 | 258.5
       Dungeon | 100.0 | 100.0 |  -nan | 100.0 | 100.0 | 258.5
               +-------+-------+-------+-------+-------+----------------------
